 Dungeon Crawl Stone Soup version 0.18-a0-1396-g8753ca6 (webtiles) character file.

436 brucemayne the Chopper (level 6, -5/44 HPs)
             Began as a Demonspawn Gladiator on Feb 23, 2016.
             Shot with an arrow by a centaur (11 damage)
             ... on level 5 of the Dungeon.
             The game lasted 00:09:05 (1999 turns).

brucemayne the Chopper (Demonspawn Gladiator)       Turns: 1999, Time: 00:09:05

Health: -5/44      AC: 11    Str: 20    XL:     6   Next: 68%
Magic:  6/6        EV:  8    Int: 10    God:
Gold:   155        SH:  0    Dex: 14    Spells: 0 memorised, 5 levels left

rFire  . . .     SeeInvis .     a - +0 war axe
rCold  . . .     Gourm    .     p - +0 chain mail
rNeg   . . .     Faith    .     (no shield)
rPois  .         Spirit   .     (helmet restricted)
rElec  .         Dismiss  .     (no cloak)
rCorr  .         Reflect  .     v - +1 pair of gloves
SustAt +         Harm     .     (no boots)
MR     .....                    (no amulet)
Stlth  ..........               c - ring of sustain attributes
                                l - +4 ring of strength

@: not resistant to hostile enchantments, extremely unstealthy
A: antennae 1, molten scales 1, demonic guardian 1, powered by pain 1
a: no special abilities


You were on level 5 of the Dungeon.
You were very hungry.

You visited 1 branch of the dungeon, and saw 6 of its levels.

You collected 155 gold pieces.

Inventory:

Hand Weapons
 a - a +0 war axe (weapon)
 B - a +0 broad axe
Missiles
 d - 2 throwing nets (quivered)
 t - 16 poisoned needles
Armour
 b - a +0 leather armour
 p - a +0 chain mail (worn)
 v - a +1 pair of gloves (worn)
 C - a +0 shield
Jewellery
 c - a ring of sustain attributes (right hand)
 l - a +4 ring of strength (left hand)
Scrolls
 e - 4 scrolls of identify
 g - 3 scrolls of magic mapping {unknown}
 h - a scroll of enchant armour {unknown}
 n - 2 scrolls of random uselessness {unknown}
 o - a scroll of amnesia {unknown}
 q - 2 scrolls of remove curse {unknown}
 r - a scroll of recharging {unknown}
 u - 2 scrolls of teleportation {unknown}
 y - a scroll of noise {unknown}
Potions
 i - a potion of lignification
 j - a potion of flight {unknown}
 m - a potion of curing
 w - a potion of cancellation
 x - a potion of berserk rage {unknown}
 z - a potion of invisibility {unknown}
 A - a potion of degeneration {unknown}
 D - a potion of heal wounds
Comestibles
 f - a bread ration
 k - 2 slices of pizza
 s - a meat ration


   Skills:
 - Level 2.0 Fighting
 + Level 7.0 Axes
 - Level 1.7 Throwing
 - Level 2.6 Dodging


You had 5 spell levels left.
You didn't know any spells.

Dungeon Overview and Level Annotations

Branches:
Dungeon (6/15)
 Temple: D:4-7

Altars:
Kikubaaqudgha
Pakellas
Vehumet
The Shining One

Annotations:
D:5 Grinder, Menkaure, Pikel


Innate Abilities, Weirdness & Mutations

You have a pair of small antennae on your head.
You are partially covered in molten scales (AC +1).
A weak demonic guardian rushes to your aid.
You sometimes gain a little power by taking damage.


Message History

Your crimson imp barely misses the centaur.
The centaur hits your crimson imp.
You see here 2 arrows.
The centaur wields an uncursed shortbow.
The centaur shoots an arrow.
The arrow hits your crimson imp!
Your crimson imp dies!
The centaur shoots an arrow.
The arrow completely misses your quasit.
The arrow hits you but does no damage.
The centaur shoots an arrow.
The arrow hits you.
* * * LOW HITPOINT WARNING * * *
Your quasit bites the centaur but does no damage.
Your quasit barely misses the centaur.
Your quasit claws the centaur.
The centaur shoots an arrow.
The arrow hits you but does no damage.
You see here 2 arrows.
Your quasit bites the centaur but does no damage.
Your quasit claws the centaur but does no damage.
Your quasit barely misses the centaur.
The centaur shoots an arrow.
The arrow closely misses your quasit. The arrow hits you!
You die...

#......≈..≈.⌠....p###
#<..............M.# #
#.......##......5.###
++...................#
#.(.....#.#####.#..#.#
#..(...## #.#5.#.# #..((.5#
.[#..#.#
########.(..((##########..#.#
............@5c..............
###...............##....#...
#.....##≈#......##......##
#...###≈≈##≈....##..$....#
#...≈≈≈≈#≈ #....##.......#
#..##≈#≈≈≈≈#≈...##.......#
#..#≈≈≈≈≈≈#≈≈.<..'........
#..≈≈≈≈≈≈≈≈≈#...........#.
#..##≈#≈#≈≈##..########.#.


You could see a centaur and 2 friendly quasits.

Vanquished Creatures
  A centaur (D:5)
  Blork the orc (D:5)
  A hound (D:4)
  2 orc wizards
  3 worker ants
  5 adders
  A worm (D:4)
  A dart slug (D:1)
  4 giant geckos
  2 orcs (D:3)
  3 bats
  3 giant cockroaches
  4 goblins
  6 hobgoblins
  3 jackals
  7 kobolds
  3 quokkas (D:3)
  4 giant newts
  5 rats
59 creatures vanquished.

Vanquished Creatures (collateral kills)
  A centaur (D:6)
  An orc (D:5)
2 creatures vanquished.

Grand Total: 61 creatures vanquished

Notes
Turn   | Place    | Note
--------------------------------------------------------------
     0 | D:1      | brucemayne the Demonspawn Gladiator began the quest for the Orb.
     0 | D:1      | Reached XP level 1. HP: 16/16 MP: 1/1
   115 | D:1      | Reached skill level 3 in Axes
   189 | D:1      | Gained mutation: You have a pair of small antennae on your head. [demonic ancestry]
   189 | D:1      | Reached XP level 2. HP: 22/22 MP: 2/2
   402 | D:2      | Gained mutation: You sometimes gain a little power by taking damage. [demonic ancestry]
   402 | D:2      | Reached XP level 3. HP: 11/27 MP: 3/3
   532 | D:2      | Reached skill level 4 in Axes
   707 | D:3      | Found a glowing golden altar of the Shining One.
   748 | D:3      | Gained mutation: You are partially covered in molten scales (AC +1). [demonic ancestry]
   748 | D:3      | Reached XP level 4. HP: 25/33 MP: 4/4
   785 | D:3      | Reached skill level 5 in Axes
   834 | D:3      | Gained mutation: A weak demonic guardian rushes to your aid. [demonic ancestry]
   834 | D:3      | Reached XP level 5. HP: 17/38 MP: 5/5
   885 | D:4      | Noticed an ogre
  1295 | D:5      | Entered Level 5 of the Dungeon
  1307 | D:5      | Found a radiant altar of Vehumet.
  1345 | D:5      | Noticed a centaur
  1346 | D:5      | Noticed Blork the orc
  1421 | D:6      | Noticed a centaur
  1429 | D:6      | Killed a centaur
  1429 | D:6      | Reached skill level 6 in Axes
  1739 | D:5      | Noticed a centaur
  1744 | D:5      | Killed a centaur
  1744 | D:5      | Reached XP level 6. HP: 37/44 MP: 6/6
  1777 | D:4      | Found an oddly glowing altar of Pakellas.
  1890 | D:5      | Noticed Grinder
  1892 | D:5      | Found an ancient bone altar of Kikubaaqudgha.
  1892 | D:5      | Noticed a slave
  1892 | D:5      | Noticed a slave
  1893 | D:5      | Noticed a slave
  1893 | D:5      | Noticed a slave
  1895 | D:5      | Noticed Pikel
  1901 | D:5      | Noticed Menkaure
  1969 | D:5      | Killed Blork the orc
  1969 | D:5      | Reached skill level 7 in Axes
  1999 | D:5      | Shot with an arrow by a centaur

Vault maps used:
D:1:      nagdon_arrival_double_spiral
D:2:      first_bread, kennysheep_generic_room_9, uniq_iyjb
D:3:      nicolae_overflow_crystal_walls
D:4:      lemuel_doored_altar, yredelemnul_altar_generic
D:5:      kennysheep_mini, kiku_gazebo_pond_becter, minivault_4,
          hangedman_decor_points, lemuel_statue_altar, uniq_blork_the_orc,
          uniq_crazy_yiuf_cottage, uniq_grinder, uniq_menkaure, uniq_pikel
D:6:      minmay_overflow_temple_star_quad

Skill      XL: |  1  2  3  4  5  6 |
---------------+-------------------+-----
Axes           | 3 4 5 6 7 |  7.0
Fighting       | |  2.0
Throwing       | |  1.7
Dodging        | |  2.6

Action                   |  1- 3 |  4- 6 || total
-------------------------+-------+-------++-------
Melee: War axe           |    89 |   102 ||   191
Throw: Throwing net      |       |     5 ||     5
  Use: Potion            |     2 |     2 ||     4
       Scroll            |       |     2 ||     2
 Stab: Distracted        |       |     1 ||     1
       Held in net/web   |       |     1 ||     1
  Eat: Beef jerky        |       |     1 ||     1
       Chunk             |       |     1 ||     1
